Map: Tours du crépuscule

Players

YupLa - Winner!

  • Race: Zerg Zerg

VOD

Have the link to the VOD?

Description

Time

  • Played on: Jan. 30, 2016, 4:36 p.m.
  • Length: 7:29
Show
View Real Time Build Order
Export as new Build Order

YupLa Zerg - Winner!

Build Orders: Hatch First 

Get SALT Encoding   

  12  0:03  Drone  
  12  0:14  Overlord  
  12  0:19  Drone  
  12  0:32  Drone x2  
  12  0:36  Drone  
  12  0:55  Hatchery  
  12  0:56  Drone  
  12  0:59  Drone  
  12  1:10  Extractor  
  12  1:14  Spawning Pool  
  12  1:18  Drone  
  12  1:20  Drone  
  12  1:30  Drone  
  12  1:41  Overlord  
  12  1:51  Drone  
  12  2:00  Queen  
  12  2:02  Zergling x2  
  12  2:06  Queen  
  12  2:07  Zergling x2  
  12  2:16  Metabolic Boost  
  12  2:18  Drone, Overlord  
  12  2:23  Drone  
  12  2:31  Drone  
  12  2:34  Drone  
  12  2:37  Queen  
  12  2:43  Drone  
  12  2:45  Drone  
  12  2:51  Drone  
  12  2:56  Hatchery  
  12  2:58  Drone  
  12  3:01  Drone  
  12  3:06  Overlord  
  12  3:11  Drone  
  12  3:12  Drone x3  
  12  3:16  Drone x2  
  12  3:17  Drone  
  12  3:22  Drone  
  12  3:26  Drone  
  12  3:31  Extractor x2  
  12  3:32  Drone  
  12  3:33  Roach Warren  
  12  3:37  Drone  
  12  3:43  Drone  
  12  3:50  Drone x4  
  12  3:51  Drone x2  
  12  3:55  Overlord  
  12  3:57  Overlord  
  12  4:06  Overlord  
  12  4:09  Queen  
  12  4:13  Roach  
  12  4:14  Roach  
  12  4:17  Roach x3  
  12  4:19  Roach  
  12  4:26  Overlord  
  12  4:27  Drone x2  
  12  4:28  Drone x2  
  12  4:30  Drone  
  12  4:37  Drone x2  
  12  4:39  Lair, Extractor  
  12  4:46  Evolution Chamber  
  12  4:48  Evolution Chamber  
  12  4:49  Drone x3  
  12  4:51  Drone  
  12  4:58  Drone x6  
  12  5:02  Overlord  
  12  5:05  Drone  
  12  5:09  Drone  
  12  5:13  Extractor  
  12  5:14  Zerg Missile Weapons Level 1, Zerg Ground Armor Level 1, Extractor  
  12  5:16  Overlord  
  12  5:23  Overlord x2  
  12  5:26  Drone x4  
  12  5:30  Drone x2  
  12  5:31  Drone  
  12  5:34  Drone x3  
  12  5:38  Glial Reconstitution  
  12  5:41  Roach x2  
  12  5:43  Roach  
  12  5:45  Roach  
  12  5:48  Roach  
  12  5:51  Roach x2  
  12  5:53  Overlord  
  12  5:56  Roach  
  12  5:57  Overlord  
  12  6:02  Overlord  
  12  6:03  Roach x2  
  12  6:07  Roach x2  
  12  6:11  Ravager x2  
  12  6:12  Ravager x6  
  12  6:14  Overlord  
  12  6:15  Overlord  
  12  6:17  Roach  
  12  6:19  Roach  
  12  6:22  Roach x2  
  12  6:30  Roach x4  
  12  6:33  Roach x3  
  12  6:36  Roach x2  
  12  6:40  Roach x2  
  12  6:42  Overlord  
  12  6:45  Roach x2  
  12  6:47  Roach  
  12  6:49  Roach  
  12  6:50  Roach  
  12  6:51  Ravager  
  12  6:53  Overlord  
  12  6:57  Overlord  
  12  7:02  Roach x4  
  12  7:08  Overlord x2  
Tags
 
Add a new tag
Caveats
  • Supply blocks, unpowered buildings, or Contaminate may cause inaccurate times.
  • Supply counts are checked every 10 seconds.